 Dungeon Crawl Stone Soup version 0.23.0 (webtiles) character file.

Game seed: 5440225668548123260

555881 skk the Axe Maniac (level 25, -5/251 (252) HPs)
             Began as a Deep Dwarf Fighter on Feb 10, 2019.
             Was the Champion of Okawaru.
             Slain by a death scarab (7 damage)
             ... summoned by a greater mummy
             ... on level 1 of the Tomb of the Ancients on Feb 16, 2019.
             The game lasted 02:48:37 (44808 turns).

skk the Axe Maniac (Deep Dwarf Fighter)            Turns: 44808, Time: 02:48:38

HP:   -5/251 (252)  AC: 35    Str: 48    XL:     25   Next: 19%
MP:   26/27         EV: 19    Int: 25    God:    Okawaru [******]
Gold: 1201          SH:  3    Dex: 16    Spells: 24/24 levels left

rFire    + + .     SeeInvis +   F - +9 executioner's axe (vamp)
rCold    + + +     Gourm    .   (shield currently unavailable)
rNeg     + + +     Faith    .   e - +7 chain mail of Instinct {MP+9 Str+2 Int+10 SInv}
rPois    +         Spirit   .   G - +0 hat "Zivinuw" {rPois rC+ Slay+2}
rElec    .         Reflect  +   t - +2 cloak of Boupof {rF+ Str+4 Int+2 Dex+2}
rCorr    .         Harm     .   n - +3 pair of gloves of the Sun {Str+4 Stlth+}
MR       +++++                  K - +1 pair of boots {Stlth+}
Stlth    ++........             C - amulet of Hepliaklqana's Favour {Reflect Str+6 SH+3}
HPRegen  0.00/turn              S - ring of the Butterfly {rC+ MR++ MP-9}
MPRegen  0.20/turn              s - ring "Ypnoaseo" {*Contam rPois rC+ rN+++ Str+4}

@: lethally poisoned (-5 -> -32), marked, very slightly contaminated,
non-regenerating, badly diseased, slowed, very slow
A: damage resistance, heal wounds, icy blue scales 1, slimy green scales 1,
agile 1, fire resistance 1, high mp 1, negative energy resistance 1, sense
surroundings 3, no regeneration
}: 3/15 runes: decaying, serpentine, silver
a: Heal Wounds, Heroism, Finesse, Renounce Religion


You were on level 1 of the Tomb of the Ancients.
You worshipped Okawaru.
Okawaru was exalted by your worship.
You were not hungry.

You visited 10 branches of the dungeon, and saw 44 of its levels.
You visited 1 bazaar.
You also visited: Sewer and Gauntlet.

You collected 5777 gold pieces.
You spent 4576 gold pieces at shops.

Inventory:

Hand Weapons
 F - a +9 vampiric executioner's axe (weapon)
 J - a +9 demon trident of electrocution
 Y - a +8 vampiric war axe
Armour
 c - a +1 shield
 e - the +7 chain mail of Instinct (worn) {MP+9 Str+2 Int+10 SInv}
   (You bought it in a shop on level 2 of the Orcish Mines)

   It affects your strength (+2).
   It affects your intelligence (+10).
   It affects your magic capacity (+9).
   It lets you see invisible.
 n - the +3 pair of gloves of the Sun (worn) {Str+4 Stlth+}
   (Okawaru gifted it to you on level 10 of the Dungeon)

   It affects your strength (+4).
   It makes you more stealthy.
 t - the +2 cloak of Boupof (worn) {rF+ Str+4 Int+2 Dex+2}
   (Okawaru gifted it to you on level 2 of the Elven Halls)

   It affects your strength (+4).
   It affects your intelligence (+2).
   It affects your dexterity (+2).
   It protects you from fire.
 G - the +0 hat "Zivinuw" (worn) {rPois rC+ Slay+2}
   (Okawaru gifted it to you on level 1 of the Lair of Beasts)

   It affects your accuracy and damage with ranged weapons and melee attacks
   (+2).
   It protects you from cold.
   It protects you from poison.
 K - a +1 pair of boots of stealth (worn)
 W - the +2 hat "Hiexusm" {rElec rN+}
   (Okawaru gifted it to you on level 4 of the Vaults)

   It insulates you from electricity.
   It protects you from negative energy.
Jewellery
 h - an uncursed ring of resist corrosion
 s - the ring "Ypnoaseo" (right hand) {*Contam rPois rC+ rN+++ Str+4}
   (You took it off an orc warrior on level 12 of the Dungeon)

   [ring of protection from cold]

   It affects your strength (+4).
   It protects you from cold.
   It protects you from poison.
   It renders you almost immune to negative energy.
   It causes magical contamination when unequipped.
 y - the ring "Karada" {Fire rElec rPois Slay+3 Stlth+}
   (You took it off a deep elf archer on level 5 of the Vaults)

   [ring of fire]

   It enhances your fire magic.
   It affects your accuracy and damage with ranged weapons and melee attacks
   (+3).
   It protects you from fire.
   It makes you vulnerable to cold.
   It insulates you from electricity.
   It protects you from poison.
   It makes you more stealthy.
 C - the amulet of Hepliaklqana's Favour (around neck) {Reflect Str+6 SH+3}
   (You found it on level 14 of the Dungeon)

   [amulet of reflection]

   It shields you and reflects attacks.
   It affects your strength (+6).
   It affects your SH (+3).
 I - an uncursed ring of see invisible
 S - the ring of the Butterfly (left hand) {rC+ MR++ MP-9}
   (You found it in a Gauntlet)

   [ring of protection from cold]

   It protects you from cold.
   It affects your resistance to hostile enchantments.
   It affects your magic capacity (-9).
Wands
 d - a wand of flame (20)
 p - a wand of polymorph (19)
 q - a wand of acid (39)
 L - a wand of random effects (15)
 T - a wand of iceblast (9)
 X - a wand of digging (6)
Scrolls
 b - 3 scrolls of summoning
 g - 27 scrolls of remove curse
 i - 10 scrolls of fog
 k - 7 scrolls of enchant armour
 r - 15 scrolls of teleportation
 B - 9 scrolls of magic mapping
 H - 3 scrolls of amnesia
 P - 2 scrolls of blinking
 R - 2 scrolls of fear
Potions
 a - 7 potions of brilliance
 l - 20 potions of curing
 m - 2 potions of resistance
 o - 4 potions of heal wounds
 v - 3 potions of flight
 w - 8 potions of magic
 z - 9 potions of might
 A - 6 potions of haste
 D - 4 potions of agility
 E - 2 potions of invisibility
 N - 5 potions of berserk rage
 O - 2 potions of cancellation
 Q - a potion of mutation
Miscellaneous
 x - 2 boxes of beasts
 U - 3 phantom mirrors
 Z - a sack of spiders
Comestibles
 f - 62 rations


   Skills:
 + Level 19.7 Fighting
   Level 0.3 Short Blades
 O Level 27 Axes
   Level 0.1(17.4) Maces & Flails
 + Level 14.8(20.7) Polearms
 + Level 14.9 Armour
 + Level 12.0 Dodging
 - Level 5.1 Stealth
 + Level 16.5 Shields
 + Level 11.5 Invocations
 * Level 14.3 Evocations


You had 24 spell levels left.
You didn't know any spells.
Your spell library contained the following spells:

 Spells                   Type           Power        Failure   Level  Hunger
 Beastly Appendage        Tmut           #.....       28%         1    ##.....
 Confusing Touch          Hex            #.....       28%         1    ##.....
 Flame Tongue             Conj/Fire      #....        28%         1    ##.....
 Magic Dart               Conj           #...         28%         1    ##.....
 Shock                    Conj/Air       #...         28%         1    ##.....
 Summon Butterflies       Summ           #.......     28%         1    ##.....
 Blink                    Tloc           N/A          41%         2    ###....
 Call Imp                 Summ           #.......     41%         2    ###....
 Corpse Rot               Necr           N/A          41%         2    ###....
 Passwall                 Tmut/Erth      #.......     41%         2    ###....
 Poisonous Vapours        Pois/Air       #.....       41%         2    ###....
 Searing Ray              Conj           #.....       41%         2    ###....
 Slow                     Hex            #.......     41%         2    ###....
 Sticks to Snakes         Tmut           #.......     41%         2    ###....
 Sublimation of Blood     Necr           #.........   41%         2    ###....
 Swiftness                Chrm/Air       #.......     41%         2    ###....
 Throw Flame              Conj/Fire      #.....       41%         2    ###....
 Call Canine Familiar     Summ           #.......     65%         3    ####...
 Confuse                  Hex            #.......     65%         3    ####...
 Conjure Flame            Conj/Fire      #.......     65%         3    ####...
 Dazzling Spray           Conj/Hex       #.....       65%         3    ####...
 Gell's Gravitas          Tloc           #.........   65%         3    ####...
 Ignite Poison            Fire/Tmut/Pois #.......     65%         3    ####...
 Inner Flame              Hex/Fire       #.......     65%         3    ####...
 Mephitic Cloud           Conj/Pois/Air  #.......     65%         3    ####...
 Spectral Weapon          Hex/Chrm       #.......     65%         3    ####...
 Spider Form              Tmut/Pois      #.........   65%         3    ####...
 Static Discharge         Conj/Air       #.......     65%         3    ####...
 Airstrike                Air            #.........   96%         4    #####..
 Cause Fear               Hex            #.........   96%         4    #####..
 Force Lance              Conj/Tloc      #.......     96%         4    #####..
 Fulminant Prism          Conj/Hex       #.........   96%         4    #####..
 Ice Form                 Ice/Tmut       #.......     96%         4    #####..
 Iskenderun's Mystic Bla  Conj           #.......     96%         4    #####..
 Leda's Liquefaction      Hex/Erth       #.........   96%         4    #####..
 Petrify                  Tmut/Erth      #.......     96%         4    #####..
 Sticky Flame             Conj/Fire      #.......     96%         4    #####..
 Summon Ice Beast         Ice/Summ       #.......     96%         4    #####..
 Summon Lightning Spire   Summ/Air       #.......     96%         4    #####..
 Agony                    Necr           #.......     100%        5    ######.
 Blade Hands              Tmut           #.........   100%        5    ######.
 Bolt of Draining         Conj/Necr      #.........   100%        5    ######.
 Bolt of Magma            Conj/Fire/Erth #.........   100%        5    ######.
 Dispel Undead            Necr           #.......     100%        5    ######.
 Excruciating Wounds      Chrm/Necr      #.........   100%        5    ######.
 Fireball                 Conj/Fire      #.........   100%        5    ######.
 Iskenderun's Battlesphe  Conj/Chrm      #.......     100%        5    ######.
 Lee's Rapid Deconstruct  Erth           #.........   100%        5    ######.
 Lightning Bolt           Conj/Air       #.........   100%        5    ######.
 Metabolic Englaciation   Hex/Ice        #.........   100%        5    ######.
 Silence                  Hex/Air        #.........   100%        5    ######.
 Summon Mana Viper        Hex/Summ       #.......     100%        5    ######.
 Venom Bolt               Conj/Pois      #.........   100%        5    ######.
 Yara's Violent Unravell  Hex/Tmut       #.........   100%        5    ######.
 Conjure Ball Lightning   Conj/Air       #.........   100%        6    #######
 Deflect Missiles         Chrm/Air       #.........   100%        6    #######
 Freezing Cloud           Conj/Ice/Air   #.........   100%        6    #######
 Iron Shot                Conj/Erth      #.........   100%        6    #######
 Poison Arrow             Conj/Pois      #.........   100%        6    #######
 Dragon Form              Tmut           #.........   100%        7    #######
 Haunt                    Necr/Summ      #.........   100%        7    #######
 Orb of Destruction       Conj           #.........   100%        7    #######
 Ring of Flames           Chrm/Fire      #.........   100%        7    #######
 Spellforged Servitor     Conj/Summ      #.........   100%        7    #######
 Summon Hydra             Summ           #.........   100%        7    #######
 Borgnjor's Revivificati  Necr           #.........   100%        8    #######
 Chain Lightning          Conj/Air       #.........   100%        8    #######
 Death's Door             Chrm/Necr      #.........   100%        8    #######
 Discord                  Hex            #.........   100%        8    #######
 Infestation              Necr           #.........   100%        8    #######
 Lehudib's Crystal Spear  Conj/Erth      #.........   100%        8    #######
 Necromutation            Tmut/Necr      #.........   100%        8    #######
 Fire Storm               Conj/Fire      #.........   100%        9    #######
 Glaciate                 Conj/Ice       #.........   100%        9    #######
 Tornado                  Air            #.........   100%        9    #######


Dungeon Overview and Level Annotations

Branches:
Dungeon (15/15)            Temple (1/1) D:7            Lair (6/6) D:11
  Swamp (4/4) Lair:3        Snake (4/4) Lair:2        Slime (0/5) Lair:6
    Orc (2/2) D:9             Elf (3/3) Orc:2        Vaults (5/5) D:13
  Crypt (3/3) Vaults:2       Tomb (1/3) Crypt:3      Depths (0/5) D:15

Altars:
Ashenzari
Cheibriados
Dithmenos
Elyvilon
Fedhas
Gozag
Hepliaklqana
Kikubaaqudgha
Makhleb
Nemelex Xobeh
Okawaru
Qazlal
Ru
Sif Muna
Trog
Uskayaw
Vehumet
Wu Jian
Xom
Yredelemnul
Zin
The Shining One
Beogh
Jiyva

Shops:
D:13 (   Orc:1 :   Orc:2 =*[!*   Elf:3 =   Snake:4 (   Vaults:1 :?   Vaults:4 ?

Portals:
Trove: Elf:2 (give +3 shadow dragon scales)


Innate Abilities, Weirdness & Mutations

You are resistant to damage.
You can heal yourself by infusing magical energy.
You resist negative energy. (rN+)
You passively map a large area around you.
You do not regenerate.
You are partially covered in icy blue scales. (AC +2)
You are partially covered in slimy green scales. (AC +2)
You are agile. (Dex +2)
Your flesh is heat resistant. (rF+)
You have an increased reservoir of magic. (+10% MP)


Message History

The quicksilver dragon skeleton claws you!
* * * LOW HITPOINT WARNING * * *
The death scarab bites you.
* * * LOW HITPOINT WARNING * * *
The death scarab drains your vigour!
You feel as though you will be slow longer.
The death scarab closely misses you.
The spectral quicksilver dragon bites you but does no damage.
The spectral quicksilver dragon misses you.
The mummy priest is lost in a daze.
The emperor scorpion stings you but does no damage.
The emperor scorpion claws you.
* * * LOW HITPOINT WARNING * * *
The emperor scorpion claws you. The death scarab bites you!
* * * LOW HITPOINT WARNING * * *
The death scarab drains your vigour!
You already are as slow as you could be.
A revenant comes into view.
The death scarab bites you!
You die...

* ,#.s.........# , ,,*,
#..8.....8^.#,, , , ,
#...........# , , ,
#..#...........# * ,,
,,#..#..8.....8..# * * , *,
#..#.M8[.......# . , ,
#..#4sZsMM.....#..* * *
#..MVsZMsW....L§.. * ,,
#..WzsM@sWL....... , * ,
#..4WWsss.^....... , * , ,
#....Mss°.........*,, , *
#....8.4.........(*, *****
################## , ,, ,, , , ,
, , , , ,,,, ** *** * ** *
#################################


You could see a greater mummy (dazed), 5 emperor scorpions, a revenant, a lich,
2 mummy priests, a shadow wraith (invisible), a hellwing, 3 guardian mummies, 2
ushabtiu, a rust devil, a spectral quicksilver dragon, a phantom, a hungry
ghost, a vampire, 2 wraiths, 6 death scarabs, a red devil, a flying skull, a
mummy and a quicksilver dragon skeleton.

Vanquished Creatures
  Mara (Crypt:3)
  An ancient lich (Vaults:5)
  A greater mummy (Tomb:1)
  Boris (Vaults:4)
  A golden dragon (Vaults:5)
  4 tentacled monstrosities (Vaults:5)
  Rupert (Orc:2)
  2 deep elf blademasters
  3 quicksilver dragons (Vaults:5)
  4 titans (Vaults:5)
  2 deep elf master archers
  3 liches
  6 sphinxes
  A storm dragon (Vaults:4)
  A shadow dragon (Vaults:4)
  3 ancient champions
  Agnes (D:14)
  4 tengu reavers (Vaults:5)
  Kirke (Snake:2)
  2 fire giants
  5 revenants
  The ghost of Vatovie the Impaler, a journeyman MiBe of Trog (Elf:2)
  13 nagarajas
  An azure jelly (Swamp:4)
  14 deep elf sorcerers
  6 frost giants
  17 vault wardens
  2 iron dragons (Vaults:5)
  Louise (Elf:3)
  4 deep elf elementalists (Elf:3)
  3 orc warlords
  4 curse skulls (Crypt:2)
  10 ghouls
  12 ironheart preservers
  4 very ugly things
  A war gargoyle (Vaults:5)
  2 entropy weavers
  6 stone giants
  7 deep elf demonologists (Elf:3)
  14 vampire knights
  7 deep elf annihilators
  2 minotaurs
  10 deep elf death magi
  4 ettins
  3 merfolk javelineers (Elf:2)
  9 jiangshi
  Snorg (Orc:2)
  4 fire dragons
  Josephine (D:14)
  3 eidola
  21 yaktaur captains
  5 deep elf high priests
  Erolcha (D:9)
  39 vault guards
  8 great orbs of eyes
  3 rakshasas
  7 ice dragons
  10 naga warriors
  2 shambling mangroves (Swamp:3)
  4 catoblepae (Lair:6)
  17 anacondas
  12 hydras
  8 centaur warriors
  10 ogre magi
  Erica (Lair:2)
  30 two-headed ogres
  6 death knights
  A queen ant (D:11)
  26 dancing weapons
  A two-headed ogre (shapeshifter) (Vaults:5)
  9 alligators
  A deep troll shaman (Vaults:3)
  A deep troll earth mage (Vaults:3)
  10 vampire magi
  25 naga sharpshooters
  4 tengu warriors
  14 death yaks
  Urug (Orc:2)
  A hell knight (Vaults:5)
  3 soul eaters
  3 shock serpents
  Sonja (Orc:2)
  4 orc high priests (Orc:2)
  3 salamander mystics (Snake:3)
  3 storm dragon zombies
  22 skeletal warriors
  2 titan skeletons (Crypt:1)
  22 deep elf knights
  3 shadow wraiths
  An anaconda zombie (Crypt:3)
  A storm dragon skeleton (Crypt:2)
  A ghost moth zombie (Crypt:3)
  5 golden dragon zombies
  2 unseen horrors
  2 spriggan druids
  10 naga ritualists
  A swamp dragon (Swamp:1)
  7 deep trolls
  20 deep elf archers
  2 sea snakes (Snake:1)
  11 ironbrand convokers
  6 necromancers
  2 wizards
  4 harpies (Vaults:2)
  17 mana vipers
  7 flayed ghosts
  An orb spider (shapeshifter) (D:15)
  22 phantasmal warriors
  A frost giant zombie (Crypt:1)
  3 oklob plants
  13 orc knights
  5 wolf spiders
  14 ugly things
  An iron dragon skeleton (Tomb:1)
  2 sphinx skeletons
  6 orc sorcerers
  2 salamanders (shapeshifter)
  64 deep elf magi
  A tengu skeleton (Vaults:5)
  4 cyclopes
  An elephant (shapeshifter) (Vaults:5)
  6 salamanders
  8 manticores
  13 elephants
  A frost giant skeleton (Crypt:1)
  37 black mambas
  A rust devil (Gauntlet)
  A guardian serpent (shapeshifter) (Vaults:5)
  29 naga magi
  A torpor snail (Gauntlet)
  10 vault sentinels
  2 fire giant skeletons
  A shock serpent zombie (Tomb:1)
  A stone giant skeleton (Vaults:5)
  A spiny frog (shapeshifter) (Vaults:1)
  16 guardian serpents
  A kobold demonologist (D:12)
  A human zombie (Vaults:4)
  3 gargoyles
  19 spiny frogs
  A shock serpent skeleton (Crypt:2)
  A komodo dragon (shapeshifter) (Vaults:5)
  A rime drake (Lair:6)
  A black draconian zombie (Crypt:3)
  An iron troll zombie (Crypt:2)
  A red draconian zombie (Crypt:2)
  7 komodo dragons
  52 yaktaurs
  A minotaur skeleton (Crypt:3)
  8 guardian mummies (Tomb:1)
  A yellow draconian skeleton (Crypt:1)
  15 freezing wraiths
  A purple draconian skeleton (Crypt:1)
  A yaktaur skeleton (Vaults:4)
  15 trolls
  A harpy zombie (Crypt:3)
  A queen bee (shapeshifter) (Vaults:3)
  6 meliai
  A queen bee (Lair:3)
  10 tyrant leeches
  13 hornets
  A blink frog (Lair:2)
  A meliai zombie (D:15)
  20 slime creatures
  A hydra skeleton (Crypt:1)
  10 dream sheep
  A raiju (shapeshifter) (Elf:1)
  14 hippogriffs
  12 bog bodies
  3 ice dragon zombies
  2 fire giant simulacra
  A centaur simulacrum (D:15)
  A redback (shapeshifter) (Vaults:3)
  2 air elementals
  11 redbacks
  Sigmund (D:2)
  26 vampires
  4 spriggans
  A black mamba zombie (Crypt:3)
  15 wraiths
  60 yaks
  A ynoxinul (Gauntlet)
  2 shadows
  4 wyverns
  An ettin skeleton (Vaults:4)
  A fire bat (shapeshifter) (D:15)
  4 water elementals
  A wyvern (shapeshifter) (Vaults:3)
  A basilisk (shapeshifter) (Vaults:4)
  Eustachio (D:4)
  An ushabti (Tomb:1)
  Grum (D:9)
  6 humans (D:13)
  16 vampire mosquitoes
  2 basilisks
  3 fire elementals
  A wind drake skeleton (Crypt:2)
  5 swamp worm simulacra (Swamp:4)
  A hungry ghost (D:14)
  7 small abominations
  3 human simulacra
  A swamp worm (shapeshifter) (Vaults:4)
  3 wargs
  Menkaure (D:6)
  20 swamp worms
  3 large abominations (Gauntlet)
  63 nagas
  11 soldier ants
  3 acid dragons
  16 hydra simulacra (Swamp:4)
  A soldier ant (shapeshifter) (Vaults:3)
  12 water moccasins
  A water moccasin (shapeshifter) (D:14)
  5 porcupines
  39 orc warriors
  6 swamp drakes
  8 sky beasts
  5 phantoms
  4 black bears
  An elf zombie (Vaults:4)
  2 eyes of draining
  17 wolves
  3 ice beasts
  3 necrophages
  30 ogres
  A blink frog skeleton (Crypt:1)
  14 boggarts
  An ettin simulacrum (Vaults:2)
  An elf skeleton (Vaults:4)
  A swamp dragon skeleton (Crypt:3)
  12 crocodiles
  24 centaurs
  A human skeleton (Vaults:4)
  A draconian zombie (Crypt:2)
  A hippogriff zombie (Crypt:1)
  5 big kobolds
  A fire crab zombie (Crypt:2)
  29 bullfrogs
  2 earth elementals
  2 scorpions
  18 killer bees
  12 wights
  4 howler monkeys
  4 electric eels
  5 centaur zombies
  3 crimson imps
  2 jellies
  A demonspawn zombie (Crypt:3)
  4 bullfrog zombies
  5 bullfrog skeletons
  3 hounds
  Crazy Yiuf (D:3)
  28 orc wizards
  27 orc priests
  4 iron imps (Gauntlet)
  Jessica (D:2)
  Natasha (thrice) (D:3)
  3 centaur skeletons
  5 iguanas
  Terence (D:2)
  A demonspawn skeleton (Crypt:2)
  26 worker ants
  A killer bee zombie (D:9)
  The ghost of p0werm0de the Skirmisher, a weakling BaCK of Xom (D:3)
  A crocodile skeleton (Crypt:1)
  2 hound zombies
  7 mummies (Tomb:1)
  A howler monkey zombie (D:10)
  Robin (D:2)
  7 gnolls (D:5)
  2 howler monkey skeletons
  17 adders
  3 river rats (Sewer)
  4 shadow imps
  2 oozes (Sewer)
  3 swamp drake simulacra (Swamp:4)
  3 adder skeletons
  A worm (D:2)
  3 dart slugs
  2 leopard geckos
  79 orcs
  7 bats
  4 giant cockroaches
  13 goblins
  13 hobgoblins
  21 jackals
  6 quokkas
  13 ball pythons
  A ball python zombie (Crypt:3)
  5 frilled lizards
  A jackal skeleton (D:5)
  A jackal zombie (Crypt:1)
  27 kobolds
  An orc zombie (Crypt:1)
  A quokka zombie (D:6)
  32 rats
  A bush (D:8)
  2 crawling corpses (Elf:3)
  14 plants
2155 creatures vanquished.

Vanquished Creatures (others)
  A deep elf sorcerer (Elf:3)
  A two-headed ogre (Vaults:2)
  An orc high priest (Orc:2)
  A shock serpent (Snake:3)
  A deep elf knight (Elf:2)
  A shadow wraith (Vaults:2)
  2 deep elf magi
  A vampire (D:13)
  A human (D:13)
  2 orc warriors
  2 centaurs (D:15)
  An orc wizard (Orc:2)
  A steam dragon zombie (Crypt:3)
  An orc (Vaults:2)
  12 fungi
  10 plants
39 creatures vanquished.

Grand Total: 2194 creatures vanquished

Notes
Turn   | Place    | Note
-------+----------+-------------------------------------------
     0 | D:1      | skk the Deep Dwarf Fighter began the quest for the Orb.
     0 | D:1      | Reached XP level 1. HP: 20/20 MP: 1/1
   155 | D:1      | Reached XP level 2. HP: 27/27 MP: 2/2
   306 | D:1      | Found a glowing golden altar of the Shining One.
   671 | D:1      | Reached skill level 3 in Axes
   671 | D:1      | Reached XP level 3. HP: 30/33 MP: 3/3
  1219 | D:2      | Noticed Terence
  1235 | D:2      | Killed Terence
  1235 | D:2      | Reached skill level 4 in Axes
  1235 | D:2      | Reached XP level 4. HP: 42/42 MP: 4/4
  1354 | D:2      | Noticed Jessica
  1370 | D:2      | Killed Jessica
  1512 | D:2      | Noticed Robin
  1526 | D:2      | Killed Robin
  1526 | D:2      | Reached XP level 5. HP: 47/49 MP: 5/5
  1586 | D:2      | Found a burning altar of Makhleb.
  1645 | D:2      | Noticed Sigmund
  1655 | D:2      | Killed Sigmund
  1655 | D:2      | Reached skill level 5 in Axes
  1655 | D:2      | Reached skill level 1 in Dodging
  1655 | D:2      | Reached XP level 6. HP: 46/56 MP: 6/6
  1757 | D:2      | Found a white marble altar of Elyvilon.
  1758 | D:2      | Found an opulent altar of Gozag.
  1759 | D:2      | Found a sacrificial altar of Ru.
  1760 | D:2      | Found a shadowy altar of Dithmenos.
  1761 | D:2      | Found a hazy altar of Hepliaklqana.
  1763 | D:2      | Found an iron altar of Okawaru.
  1860 | D:2      | Became a worshipper of Warmaster Okawaru
  1961 | D:3      | Noticed Natasha
  1966 | D:3      | Killed Natasha
  2151 | D:3      | Noticed Natasha
  2165 | D:3      | Killed Natasha
  2296 | D:3      | Found a runed translucent door.
  2297 | D:3      | Noticed a slime creature
  2298 | D:3      | Noticed p0werm0de's ghost (weakling BaCK)
  2489 | D:3      | Noticed Natasha
  2501 | D:3      | Killed Natasha
  2564 | D:3      | Found a runed translucent door.
  2565 | D:3      | Noticed Crazy Yiuf
  2914 | D:3      | Killed Crazy Yiuf
  2914 | D:3      | Reached skill level 6 in Axes
  3009 | D:4      | Noticed Eustachio
  3034 | D:4      | Killed Eustachio
  3034 | D:4      | Reached XP level 7. HP: 32/62 MP: 7/7
  3128 | D:4      | Found a white marble altar of Elyvilon.
  3319 | D:5      | Entered Level 5 of the Dungeon
  3324 | D:5      | Noticed a hippogriff
  3327 | D:5      | Reached * piety under Okawaru
  3327 | D:5      | Reached skill level 5 in Shields
  3344 | D:5      | Killed a hippogriff
  3344 | D:5      | Reached skill level 7 in Axes
  3420 | D:5      | Reached skill level 5 in Armour
  3420 | D:5      | Reached XP level 8. HP: 42/72 MP: 5/8
  3427 | D:5      | Reached ** piety under Okawaru
  4063 | D:3      | Killed p0werm0de's ghost
  4068 | D:3      | Killed a slime creature
  4068 | D:3      | Reached skill level 8 in Axes
  4068 | D:3      | Reached skill level 1 in Stealth
  4177 | D:6      | Noticed a hippogriff
  4205 | D:6      | Killed a hippogriff
  4218 | D:6      | Gained mutation: You passively map the area around you.
                  | [Deep Dwarf growth]
  4218 | D:6      | Reached XP level 9. HP: 19/79 MP: 9/9
  4256 | D:6      | Reached skill level 9 in Axes
  4506 | D:6      | Found a glowing drain.
  4515 | Sewer    | Entered a sewer
  4762 | Sewer    | Reached *** piety under Okawaru
  4997 | D:6      | Noticed Menkaure
  5005 | D:6      | Killed Menkaure
  5151 | D:7      | Got a faintly humming ring mail
  5162 | D:7      | Identified the +1 ring mail "Touseagu" {Regen+} (You found
                  | it on level 7 of the Dungeon)
  5333 | D:7      | Reached skill level 5 in Dodging
  5497 | D:7      | Reached skill level 5 in Fighting
  5549 | D:7      | Reached skill level 1 in Invocations
  5692 | D:7      | Found a blossoming altar of Fedhas.
  5947 | D:7      | Found a staircase to the Ecumenical Temple.
  6168 | Temple   | Entered the Ecumenical Temple
  6474 | D:8      | Reached skill level 10 in Axes
  6579 | D:8      | Reached XP level 10. HP: 53/88 MP: 8/11
  6581 | D:8      | Reached **** piety under Okawaru
  7059 | D:8      | Noticed a two-headed ogre
  7072 | D:8      | Killed a two-headed ogre
  7072 | D:8      | Reached skill level 1 in Polearms
  7169 | D:8      | Reached ***** piety under Okawaru
  7391 | D:8      | Found a blossoming altar of Fedhas.
  7402 | D:8      | Noticed an oklob plant
  7500 | D:8      | Killed an oklob plant
  8063 | D:9      | Noticed Erolcha
  8089 | D:9      | Killed Erolcha
  8089 | D:9      | Received a gift from Okawaru
  8113 | D:9      | Found a staircase to the Orcish Mines.
  8218 | D:9      | Reached XP level 11. HP: 32/97 MP: 11/11
  8589 | D:9      | Noticed Grum
  8600 | D:9      | Killed Grum
  8898 | D:10     | Entered Level 10 of the Dungeon
  8984 | D:10     | Reached skill level 10 in Shields
  8991 | D:10     | Found a blossoming altar of Fedhas.
  9165 | D:10     | Noticed a two-headed ogre
  9185 | D:10     | Killed a two-headed ogre
  9185 | D:10     | Reached skill level 5 in Polearms
  9190 | D:10     | Noticed a tengu warrior
  9249 | D:10     | Killed a tengu warrior
  9249 | D:10     | Received a gift from Okawaru
  9252 | D:10     | Got a pair of translucent gloves {god gift}
  9277 | D:10     | Got a transparent battleaxe
  9278 | D:10     | Identified the +2 battleaxe "Hiveqam" {drain, MR+ Stlth+}
                  | (You found it on level 10 of the Dungeon)
  9290 | D:10     | Identified the +3 pair of gloves of the Sun {Str+4 Stlth+}
                  | (Okawaru gifted it to you on level 10 of the Dungeon)
  9506 | D:10     | Killed an unseen horror
  9821 | D:11     | Noticed a green ugly thing
  9834 | D:11     | Killed a green ugly thing
  9852 | D:11     | Noticed a two-headed ogre
  9867 | D:11     | Killed a two-headed ogre
  9999 | D:11     | Reached XP level 12. HP: 42/106 MP: 9/12
 10308 | D:11     | Noticed a queen ant
 10351 | D:11     | Killed a queen ant
 10655 | D:11     | Found a staircase to the Lair.
 10859 | D:11     | Received a gift from Okawaru
 11309 | D:11     | Reached skill level 11 in Axes
 11309 | D:11     | Reached XP level 13. HP: 108/115 MP: 13/15
 11516 | Lair:1   | Entered Level 1 of the Lair of Beasts
 11609 | D:12     | Identified the ring "Ypnoaseo" {*Contam rPois rC+ rN+++
                  | Str+4}
 11701 | D:12     | Identified the +1 scale mail of Yghamn Golu {-Tele rPois
                  | MR+ Regen+ Int+2}
 11792 | D:12     | Reached skill level 5 in Invocations
 11878 | D:12     | Reached skill level 10 in Polearms
 12173 | D:12     | Received a gift from Okawaru
 12540 | D:12     | Got a distressingly furry chain mail
 12576 | D:12     | Identified the cursed +1 chain mail of Submission {Str+5
                  | Int-5} (You found it on level 12 of the Dungeon)
 12727 | D:13     | Gained mutation: You resist negative energy. (rN+) [Deep
                  | Dwarf growth]
 12727 | D:13     | Reached XP level 14. HP: 124/124 MP: 16/16
 12769 | D:13     | Found Ifijiulu's Antique Weapon Boutique.
 13059 | D:13     | Found a gate to the Vaults.
 13484 | D:13     | Bought an ancient executioner's axe for 480 gold pieces
 13489 | D:13     | Identified the cursed +1 executioner's axe of Febineg
                  | {chop, rN+} (You bought it in a shop on level 13 of the
                  | Dungeon)
 14008 | Lair:1   | Received a gift from Okawaru
 14023 | Lair:1   | Got a distressingly furry hat {god gift}
 14034 | Lair:1   | Identified the +0 hat "Zivinuw" {rPois rC+ Slay+2} (Okawaru
                  | gifted it to you on level 1 of the Lair of Beasts)
 14951 | Lair:2   | Got a distressingly furry robe
 14952 | Lair:2   | Identified the +1 robe of Bygimiets {rElec MR+ Str+2 Int+3}
                  | (You found it on level 2 of the Lair of Beasts)
 15031 | Lair:2   | Found a staircase to the Snake Pit.
 15313 | Lair:2   | Found a white marble altar of Elyvilon.
 15576 | Lair:2   | Noticed Erica
 15586 | Lair:2   | Killed Erica
 16226 | Lair:3   | Found a staircase to the Swamp.
 16904 | Lair:4   | Reached skill level 5 in Stealth
 17357 | Lair:4   | Reached XP level 15. HP: 135/135 MP: 12/15
 17540 | Lair:4   | Received a gift from Okawaru
 17718 | Lair:4   | Reached skill level 5 in Evocations
 17868 | Lair:5   | Found a gate leading to a gauntlet.
 17890 | Gauntlet | Entered a Gauntlet
 17890 | Gauntlet | Found a transporter.
 17890 | Gauntlet | Found a transporter.
 17900 | Gauntlet | Found a transporter.
 17903 | Gauntlet | Found a transporter.
 17911 | Gauntlet | Found a transporter.
 17914 | Gauntlet | Found a transporter.
 17925 | Gauntlet | Found a transporter.
 17940 | Gauntlet | Found a transporter.
 17959 | Gauntlet | Found a transporter.
 17961 | Gauntlet | Found a transporter.
 17972 | Gauntlet | Found a transporter.
 17988 | Gauntlet | Found a transporter.
 18159 | Gauntlet | Got a fine marble ring
 18256 | Gauntlet | Identified the ring of the Butterfly {rC+ MR++ MP-9} (You
                  | found it in a Gauntlet)
 18348 | Gauntlet | Got a jewelled helmet
 18361 | Lair:5   | Identified the +0 helmet of the Wasteland {-Cast rElec rF++
                  | Regen+ Str+3} (You found it in a Gauntlet)
 18533 | Lair:5   | Reached skill level 10 in Dodging
 19117 | Lair:6   | Entered Level 6 of the Lair of Beasts
 19833 | Lair:6   | Received a gift from Okawaru
 19839 | Lair:6   | Reached skill level 10 in Fighting
 19856 | Lair:6   | Got a brightly glowing helmet {god gift}
 19857 | Lair:6   | Identified the +0 helmet "Paaleo" {rPois} (Okawaru gifted
                  | it to you on level 6 of the Lair of Beasts)
 19981 | Lair:6   | Reached ****** piety under Okawaru
 20342 | Lair:6   | Found a staircase to the Slime Pits.
 20342 | Lair:6   | Found a viscous altar of Jiyva.
 20738 | Orc:1    | Entered Level 1 of the Orcish Mines
 20775 | Orc:1    | Found an iron altar of Okawaru.
 20815 | Orc:1    | Found Udisoh Tamn's Book Boutique.
 21057 | Orc:2    | Entered Level 2 of the Orcish Mines
 21058 | Orc:2    | Noticed Sonja
 21166 | Orc:2    | Killed Sonja
 21228 | Orc:2    | Found Reseint's Jewellery Boutique.
 21264 | Orc:2    | Found a staircase to the Elven Halls.
 21313 | Orc:2    | Noticed Rupert
 21333 | Orc:2    | Killed Rupert
 21349 | Orc:2    | Reached XP level 16. HP: 147/147 MP: 2/18
 21399 | Orc:2    | Noticed Urug
 21400 | Orc:2    | Noticed Snorg
 21430 | Orc:2    | Killed Snorg
 21445 | Orc:2    | Killed Urug
 21567 | Orc:2    | Found a roughly hewn altar of Beogh.
 21683 | Orc:2    | Received a gift from Okawaru
 21952 | Orc:2    | Found Qimuahaawn's Antique Armour Shop.
 21952 | Orc:2    | Found Ypyd Sirch's Assorted Antiques.
 21953 | Orc:2    | Found Axefrop's General Store.
 21953 | Orc:2    | Found Toadinaek's Distillery.
 21975 | Orc:2    | Bought a jewelled chain mail for 247 gold pieces
 21985 | Orc:2    | Identified the +7 chain mail of Instinct {MP+9 Str+2 Int+10
                  | SInv} (You bought it in a shop on level 2 of the Orcish
                  | Mines)
 22131 | Orc:2    | Bought a scroll of remove curse for 105 gold pieces
 22131 | Orc:2    | Bought a scroll labeled KIHEKU DICIBU for 35 gold pieces
 22131 | Orc:2    | Bought a potion of haste for 350 gold pieces
 22131 | Orc:2    | Bought a scroll of blinking for 262 gold pieces
 22131 | Orc:2    | Bought a scroll of remove curse for 105 gold pieces
 22141 | Orc:2    | Bought a scroll of enchant armour for 90 gold pieces
 22141 | Orc:2    | Bought a potion of curing for 36 gold pieces
 22141 | Orc:2    | Bought a scroll of enchant weapon for 90 gold pieces
 22141 | Orc:2    | Gained mutation: Your mind is acute. (Int +2) [potion of
                  | mutation]
 22141 | Orc:2    | Gained mutation: Your mind is very acute. (Int +4) [potion
                  | of mutation]
 22141 | Orc:2    | Gained mutation: You are partially covered in thin metallic
                  | scales. (AC +2) [potion of mutation]
 22171 | Elf:1    | Entered Level 1 of the Elven Halls
 22564 | Elf:1    | Reached skill level 10 in Armour
 22577 | Elf:1    | Reached skill level 10 in Invocations
 22634 | Elf:1    | Found a deep blue altar of Sif Muna.
 23081 | Elf:1    | Reached skill level 15 in Shields
 23210 | Elf:2    | Identified a scroll of acquirement
 23310 | Elf:2    | Received a gift from Okawaru
 23343 | Elf:2    | Reached skill level 12 in Axes
 23414 | Elf:2    | Identified the +6 hand axe "Teveip" {holy, Dex+3}
 23478 | Elf:2    | Found a runed translucent gate.
 23478 | Elf:2    | Found a runed translucent gate.
 23481 | Elf:2    | Found a runed translucent gate.
 23547 | Elf:2    | Found a runed translucent gate.
 23547 | Elf:2    | Found a runed translucent gate.
 23547 | Elf:2    | Found a runed translucent gate.
 23547 | Elf:2    | Noticed Vatovie's ghost (journeyman MiBe)
 23548 | Elf:2    | Found an iron altar of Okawaru.
 23548 | Elf:2    | Noticed a deep elf master archer
 23606 | Elf:2    | Killed Vatovie's ghost
 23606 | Elf:2    | Reached skill level 13 in Axes
 23609 | Elf:2    | Killed a deep elf master archer
 23609 | Elf:2    | Reached XP level 17. HP: 150/159 MP: 14/18
 23634 | Elf:2    | Got an amethyst-encrusted ring mail
 23701 | Elf:2    | Found a portal to a secret trove of treasure.
 23872 | Elf:2    | Noticed a deep elf blademaster
 23905 | Elf:2    | Killed a deep elf blademaster
 23951 | Elf:2    | Reached skill level 14 in Axes
 23959 | Elf:2    | Received a gift from Okawaru
 23971 | Elf:2    | Got a jewelled cloak {god gift}
 24269 | Elf:3    | Entered Level 3 of the Elven Halls
 24280 | Elf:3    | Identified the +2 cloak of Boupof {rF+ Str+4 Int+2 Dex+2}
                  | (Okawaru gifted it to you on level 2 of the Elven Halls)
 24291 | Elf:3    | Identified the +4 ring mail of Imperfection {Int+3} (You
                  | found it on level 2 of the Elven Halls)
 24366 | Elf:3    | Reached skill level 15 in Axes
 24382 | Elf:3    | Noticed a Tzitzimitl
 24386 | Elf:3    | Noticed a deep elf blademaster
 24408 | Elf:3    | Killed a deep elf blademaster
 24433 | Elf:3    | Noticed a Tzitzimitl
 24464 | Elf:3    | Received a gift from Okawaru
 24465 | Elf:3    | Noticed a deep elf master archer
 24468 | Elf:3    | Reached skill level 16 in Axes
 24476 | Elf:3    | Killed a deep elf master archer
 24502 | Elf:3    | Found the ring of Phasing {EV+8}
 24540 | Elf:3    | Gained mutation: You passively map a large area around you.
                  | [Deep Dwarf growth]
 24540 | Elf:3    | Reached XP level 18. HP: 152/172 MP: 19/19
 24631 | Elf:3    | Identified Wib Qott's Compendium of Clay
 24641 | Elf:3    | Identified the Catalogue of Transmutation and Boosts
 24717 | Elf:3    | Found Tiwukual's Jewellery Shop.
 24910 | Elf:3    | Got a transparent trident
 24911 | Elf:3    | Identified the +3 trident of the Boar {antimagic, Dex+6}
                  | (You found it on level 3 of the Elven Halls)
 24998 | Elf:3    | Identified the Volume of the Cloudy Volcanoes
 25006 | Elf:3    | Got a glittering pewter ring
 25012 | Elf:3    | Got a jewelled plate armour
 25026 | Elf:3    | Got an ichor-stained morningstar
 25028 | Elf:3    | Identified the cursed +1 morningstar "Beetle's Foe"
                  | {freeze, Dex+4} (You found it on level 3 of the Elven
                  | Halls)
 25040 | Elf:3    | Identified the +3 plate armour of Irisus {rF+ Str+2} (You
                  | found it on level 3 of the Elven Halls)
 25042 | Elf:3    | Identified the ring "Qocko" {*Slow rC+ Str+2 Dex+4} (You
                  | found it on level 3 of the Elven Halls)
 25215 | Elf:3    | Noticed Louise
 25221 | Elf:3    | Killed Louise
 25335 | Elf:3    | Got a faintly glowing war axe
 25394 | Elf:3    | Noticed a Hell Sentinel
 25489 | Elf:3    | Reached skill level 17 in Axes
 26183 | Swamp:1  | Entered Level 1 of the Swamp
 26227 | Swamp:1  | Identified the cursed +0 war axe of Circularity {chop,
                  | Dex+7} (You found it on level 3 of the Elven Halls)
 26235 | Swamp:1  | Received a gift from Okawaru
 28184 | Swamp:3  | Received a gift from Okawaru
 28652 | Swamp:3  | Got a crude broad axe
 28653 | Swamp:3  | Identified the +4 broad axe of Evolution {drain, +Fly} (You
                  | found it on level 3 of the Swamp)
 28677 | Swamp:4  | Entered Level 4 of the Swamp
 29379 | Swamp:4  | Reached skill level 18 in Axes
 29391 | Swamp:4  | Reached XP level 19. HP: 151/184 MP: 19/21
 29437 | Swamp:4  | Got a decaying rune of Zot
 29439 | Swamp:4  | Reached skill level 15 in Fighting
 29770 | Vaults:1 | Entered Level 1 of the Vaults
 29930 | Vaults:1 | Found Tumoekko's Book Shoppe.
 30198 | Vaults:1 | Reached XP level 20. HP: 194/194 MP: 22/22
 30287 | Vaults:1 | Reached skill level 19 in Axes
 30429 | Vaults:1 | Received a gift from Okawaru
 30473 | Vaults:1 | Found Kicyokam's Magic Scroll Shop.
 30501 | Vaults:1 | Bought a scroll of identify for 34 gold pieces
 30501 | Vaults:1 | Bought a scroll of acquirement for 884 gold pieces
 30501 | Vaults:1 | Bought a scroll of identify for 34 gold pieces
 30501 | Vaults:1 | Bought a scroll of identify for 34 gold pieces
 30501 | Vaults:1 | Bought a scroll of identify for 34 gold pieces
 30502 | Vaults:1 | Got a heavily runed chain mail
 30503 | Vaults:1 | Identified the +8 chain mail "Muepnout" {+Fly rPois rN+++
                  | Str-3} (You acquired it on level 1 of the Vaults)
 30875 | Vaults:1 | Found the +8 glaive of the Guard {elec, +Rage AC+5 SInv}
 31016 | Vaults:2 | Reached skill level 20 in Axes
 31032 | Vaults:2 | Received a gift from Okawaru
 31058 | Vaults:2 | Identified the +11 battleaxe "Teloagh" {drain, MR+}
                  | (Okawaru gifted it to you on level 2 of the Vaults)
 31187 | Vaults:2 | Found a staircase to the Crypt.
 32057 | Vaults:3 | Received a gift from Okawaru
 32282 | Vaults:3 | Reached skill level 21 in Axes
 32295 | Vaults:3 | Reached XP level 21. HP: 202/205 MP: 23/23
 32687 | Vaults:3 | You fall through a shaft!
 32867 | Vaults:4 | Received a gift from Okawaru
 32885 | Vaults:4 | Got an encrusted hat {god gift}
 32887 | Vaults:4 | Identified the +2 hat "Hiexusm" {rElec rN+} (Okawaru gifted
                  | it to you on level 4 of the Vaults)
 32991 | Vaults:4 | Reached skill level 22 in Axes
 33405 | Vaults:4 | Found Inainowo's Magic Scroll Shop.
 33405 | Vaults:4 | Noticed Boris
 33418 | Vaults:4 | Killed Boris
 34048 | Vaults:5 | Entered Level 5 of the Vaults
 34087 | Vaults:4 | Received a gift from Okawaru
 34100 | Vaults:5 | Paralysed by a floating eye for 2 turns
 34109 | Vaults:5 | Reached XP level 22. HP: 203/217 MP: 24/24
 34120 | Vaults:5 | Noticed a golden dragon
 34122 | Vaults:5 | Reached skill level 23 in Axes
 34145 | Vaults:5 | Killed a golden dragon
 34359 | Vaults:5 | Received a gift from Okawaru
 34365 | Vaults:5 | Identified the +1 robe of Narcissism {Int+4}
 34427 | Vaults:5 | Got a translucent amber ring
 34432 | Vaults:5 | Identified the ring "Enwoinum" {Fire rN+ Str-5 SInv} (You
                  | found it on level 5 of the Vaults)
 34973 | Vaults:5 | Noticed an ancient lich
 34989 | Vaults:5 | Killed an ancient lich
 34989 | Vaults:5 | Reached skill level 24 in Axes
 35036 | Vaults:5 | Identified the ring of Equilibrium {+Fly Dex+5 Slay+2}
 35036 | Vaults:5 | Identified the ring "Karada" {Fire rElec rPois Slay+3
                  | Stlth+}
 35087 | Vaults:5 | Identified the +2 chain mail "Casaschih" {+Blink} (You
                  | found it on level 5 of the Vaults)
 35154 | Vaults:5 | Got a silver rune of Zot
 35238 | Vaults:5 | Lost mutation: You are partially covered in thin metallic
                  | scales. (AC +2) [potion of mutation]
 35238 | Vaults:5 | Lost mutation: Your mind is very acute. (Int +4) [potion of
                  | mutation]
 35238 | Vaults:5 | Lost mutation: Your mind is acute. (Int +2) [potion of
                  | mutation]
 35238 | Vaults:5 | Gained mutation: You are dopey. (Int -2) [potion of
                  | mutation]
 35238 | Vaults:5 | Gained mutation: Your muscles are strong. (Str +2) [potion
                  | of mutation]
 35238 | Vaults:5 | Gained mutation: Your spells are a little harder to cast,
                  | but a little more powerful. [potion of mutation]
 35238 | Vaults:5 | Gained mutation: You have supernaturally acute eyesight.
                  | (SInv) [potion of mutation]
 35239 | Vaults:5 | Lost mutation: You have supernaturally acute eyesight.
                  | (SInv) [potion of mutation]
 35239 | Vaults:5 | Lost mutation: You are dopey. (Int -2) [potion of mutation]
 35239 | Vaults:5 | Lost mutation: Your spells are a little harder to cast, but
                  | a little more powerful. [potion of mutation]
 35239 | Vaults:5 | Gained mutation: You are partially covered in thin metallic
                  | scales. (AC +2) [potion of mutation]
 35240 | Vaults:5 | Lost mutation: Your muscles are strong. (Str +2) [potion of
                  | mutation]
 35240 | Vaults:5 | Lost mutation: You are partially covered in thin metallic
                  | scales. (AC +2) [potion of mutation]
 35240 | Vaults:5 | Gained mutation: Your magical capacity is low. (-10% MP)
                  | [potion of mutation]
 35240 | Vaults:5 | Gained mutation: Your flesh is heat resistant. (rF+)
                  | [potion of mutation]
 35351 | Vaults:5 | Received a gift from Okawaru
 35378 | Vaults:5 | Reached skill level 25 in Axes
 35910 | Snake:1  | Entered Level 1 of the Snake Pit
 35982 | Snake:1  | Reached XP level 23. HP: 220/228 MP: 19/22
 36220 | Snake:1  | Received a gift from Okawaru
 36242 | Snake:1  | Lost mutation: Your magical capacity is low. (-10% MP)
                  | [potion of mutation]
 36242 | Snake:1  | Gained mutation: You are agile. (Dex +2) [potion of
                  | mutation]
 36242 | Snake:1  | Gained mutation: You are partially covered in icy blue
                  | scales. (AC +2) [potion of mutation]
 36242 | Snake:1  | Gained mutation: You have an increased reservoir of magic.
                  | (+10% MP) [potion of mutation]
 36242 | Snake:1  | Gained mutation: You are partially covered in slimy green
                  | scales. (AC +2) [potion of mutation]
 36918 | Snake:2  | Noticed Kirke
 36923 | Snake:2  | Killed Kirke
 37306 | Snake:3  | Reached skill level 26 in Axes
 37444 | Snake:3  | Reached skill level 10 in Evocations
 37588 | Snake:3  | Identified the cursed +3 hunting sling of Impermanence
                  | {velocity, rN+++ MP-9 Dex+4} (You found it on level 3 of
                  | the Snake Pit)
 37659 | Snake:3  | Identified the +5 rapier of Scorn {flame, rElec}
 37792 | Snake:3  | Found a sacrificial altar of Ru.
 38037 | Snake:4  | Entered Level 4 of the Snake Pit
 38121 | Snake:4  | Found Paorutre's Antique Weapon Shoppe.
 38500 | Snake:4  | Received a gift from Okawaru
 38935 | Snake:4  | Got a serpentine rune of Zot
 39270 | D:14     | Found a flickering gateway to a bazaar.
 39278 | D:14     | Reached XP level 24. HP: 240/240 MP: 28/28
 39280 | Bazaar   | Entered a bazaar
 39298 | Bazaar   | Found Dewkif's Weapon Shoppe.
 39313 | Bazaar   | Found Pomihis's Antique Weapon Emporium.
 39317 | Bazaar   | Bought a scorched great sword for 379 gold pieces
 39317 | Bazaar   | Identified the +10 great sword "Pusot" {drain, rF+ Str+2
                  | Int+3} (You bought it in a shop in a bazaar)
 39330 | Bazaar   | Found Koirghiph's Jewellery Shoppe.
 39377 | D:14     | Got a heavily runed platinum amulet
 39378 | D:14     | Identified the amulet of Hepliaklqana's Favour {Reflect
                  | Str+6 SH+3} (You found it on level 14 of the Dungeon)
 39429 | D:14     | Noticed Agnes
 39432 | D:14     | Noticed Josephine
 39439 | D:14     | Killed Agnes
 39444 | D:14     | Killed Josephine
 39989 | D:15     | Entered Level 15 of the Dungeon
 40483 | D:15     | Found a staircase to the Depths.
 40828 | Vaults:4 | Bought a scroll of blinking for 135 gold pieces
 40828 | Vaults:4 | Bought a scroll of enchant weapon for 135 gold pieces
 40828 | Vaults:4 | Bought a scroll of enchant armour for 135 gold pieces
 40828 | Vaults:4 | Bought a scroll of acquirement for 936 gold pieces
 40828 | Vaults:4 | Bought a scroll of identify for 36 gold pieces
 40829 | Vaults:4 | Found the +2 ratskin cloak {+Rats rPois rN+ Str-1 Int-1
                  | Dex+1}
 40999 | Crypt:1  | Entered Level 1 of the Crypt
 41087 | Crypt:1  | Received a gift from Okawaru
 41199 | Crypt:1  | Got a spiked plate armour
 41204 | Crypt:1  | Identified the +9 plate armour of the Yeti {rF++ rN++
                  | Dex-4} (You found it on level 1 of the Crypt)
 41279 | Crypt:1  | Received a gift from Okawaru
 41289 | Crypt:1  | Reached skill level 27 in Axes
 42279 | Crypt:2  | Identified the +0 scythe "skk's Foe" {holy, rF+ rC+} (You
                  | found it on level 2 of the Crypt)
 42759 | Crypt:2  | Received a gift from Okawaru
 43254 | Crypt:3  | Entered Level 3 of the Crypt
 43348 | Crypt:3  | Noticed Mara
 43374 | Crypt:3  | Killed Mara
 43382 | Crypt:3  | Found a staircase to the Tomb.
 43986 | Crypt:3  | Reached XP level 25. HP: 138/249 MP: 27/27
 44007 | Crypt:3  | Identified the +3 scimitar of Subjectivity {vamp, Int+6}
 44053 | Crypt:3  | Found the +4 dagger "Morg" {pain, MR+ Int+5}
 44433 | Tomb:1   | Entered Level 1 of the Tomb of the Ancients
 44781 | Tomb:1   | Noticed a greater mummy
 44783 | Tomb:1   | Noticed a greater mummy
 44797 | Tomb:1   | Killed a greater mummy
 44805 | Tomb:1   | HP: 12/252 [death scarab[a greater mummy] (11)]
 44808 | Tomb:1   | HP: 2/251 [death scarab[a greater mummy] (12)]
 44808 | Tomb:1   | Slain by a death scarab

Skill      XL: |  1  2  3  4  5  6  7  8  9 10 11 12 13 14 15 16 17 18 19 20 21 22 23 24 25 |
---------------+----------------------------------------------------------------------------+-----
Axes           | 3 4 5 6 7 8 10 11 13 16 18 21 22 25 26 27 | 27.0
Fighting       | 3 4 5 6 7 9 10 12 13 14 15 16 17 18 19 | 19.7
Armour         | 4 5 6 7 8 9 10 11 12 13 14 | 14.9
Dodging        | 1 2 3 4 5 7 8 9 10 11 12 | 12.0
Shields        | 4 5 6 8 9 10 11 12 13 14 15 16 | 16.5
Stealth        | 2 3 4 5 |  5.1
Invocations    | 1 2 4 5 9 10 11 | 11.5
Polearms       | 3 7 9 10 12 13 14 | 14.8
Evocations     | 3 4 7 8 11 13 14 | 14.3
Short Blades   | |  0.3
Maces & Flails | |  0.1

Action                   |  1- 3 |  4- 6 |  7- 9 | 10-12 | 13-15 | 16-18 | 19-21 | 22-24 | 25-27 || total
-------------------------+-------+-------+-------+-------+-------+-------+-------+-------+-------++-------
Melee: War axe           |   120 |   146 |    30 |       |       |       |       |       |       ||   296
       Mace              |       |     8 |       |       |       |       |       |       |       ||     8
       Hand axe          |       |       |   486 |   307 |       |       |       |       |       ||   793
       Rapier            |       |       |     7 |       |       |       |       |       |       ||     7
       Trident           |       |       |       |  1009 |  2584 |   535 |       |       |       ||  4128
       Executioner's axe |       |       |       |       |       |   699 |   797 |  1047 |    49 ||  2592
       Demon trident     |       |       |       |       |       |   116 |       |   483 |    84 ||   683
       Glaive            |       |       |       |       |       |       |       |    48 |       ||    48
Invok: Heroism           |       |       |    13 |    20 |    36 |    18 |    11 |    21 |     2 ||   121
       Finesse           |       |       |       |       |     3 |     4 |     5 |     2 |     1 ||    15
 Abil: Heal Wounds       |       |     1 |     5 |     6 |     9 |     9 |     2 |    11 |     2 ||    45
       Evoke Berserk Rag |       |       |       |       |       |       |       |     1 |       ||     1
Evoke: Wand              |       |       |       |     3 |     4 |     2 |       |       |       ||     9
  Use: Scroll            |     5 |     8 |     5 |     9 |    16 |    17 |     5 |    28 |     3 ||    96
       Potion            |     2 |     1 |     7 |     7 |     4 |     4 |     1 |     7 |     6 ||    39
 Stab: Invisible         |       |       |     3 |       |       |       |       |       |       ||     3
       Sleeping          |       |       |     1 |    11 |    10 |     3 |     2 |    11 |     1 ||    39
       Distracted        |       |       |       |       |     1 |     4 |     2 |     7 |       ||    14
       Petrified         |       |       |       |       |     2 |       |       |       |       ||     2
  Eat: Chunk             |       |     5 |     8 |     9 |    27 |    13 |    13 |    20 |       ||    95
       Ration            |       |     1 |     1 |     6 |     4 |    15 |     1 |     4 |     2 ||    34
Armor: Scale mail        |    51 |   127 |     9 |       |       |       |       |       |       ||   187
       Leather armour    |       |       |    99 |   211 |     9 |       |       |       |       ||   319
       Skin              |       |       |       |    15 |       |       |       |       |       ||    15
       Chain mail        |       |       |       |       |   621 |   666 |   435 |   582 |   103 ||  2407
Dodge: Dodged            |    44 |    93 |   220 |   410 |   820 |   765 |   628 |   855 |   146 ||  3981
Block: Shield            |    63 |   125 |   302 |   633 |  1550 |   309 |       |   277 |    88 ||  3347
       Other             |       |       |       |       |       |       |       |    18 |    17 ||    35
       Reflection        |       |       |       |       |       |       |       |     8 |       ||     8
